Map: Ulrena

Players

Crimson

  • Race: Zerg Zerg

GreatBanter - Winner!

  • Race: Zerg Zerg
  • League: Master

Event: NationWars III

VOD

Have the link to the VOD?

Description

Time

  • Played on: Nov. 22, 2015, 5:15 p.m.
  • Length: 8:19
Show
View Real Time Build Order
Export as new Build Order

Crimson Zerg 

Build Orders: Hatch First 

Get SALT Encoding   

  12  0:00  Drone  
  13  0:08  Drone  
  14  0:17  Overlord  
  14  0:26  Drone, Extractor x2  
  13  0:29  Drone  
  17  0:35  Drone  
  17  0:53  Hatchery  
  17  0:56  Drone  
  17  1:00  Drone  
  18  1:06  Extractor  
  17  1:15  Spawning Pool  
  17  1:18  Drone  
  17  1:22  Drone  
  18  1:32  Overlord  
  18  2:03  Queen, Zergling x6  
  23  2:11  Metabolic Boost  
  23  2:13  Zergling x2  
  24  2:33  Baneling Nest  
  23  2:39  Drone  
  24  2:48  Zergling x6  
  23  2:51  Drone  
  23  3:00  Drone  
  23  3:02  Drone  
  25  3:07  Zergling x2  
  24  3:15  Zergling x4  
  24  3:17  Zergling x2  
  27  3:20  Zergling x2  
  27  3:24  Zergling x2  
  29  3:30  Zergling x2  
  30  3:37  Overlord  
  28  3:49  Baneling x3  
  28  3:50  Baneling  
  28  3:55  Zergling x8  
  32  4:02  Zergling x2  
  33  4:07  Zergling x2  
  33  4:08  Baneling x2  
  29  4:24  Hatchery  
  29  4:28  Drone x2  
  29  4:36  Drone x2  
  30  4:40  Drone  
  30  4:51  Zergling x2  
  27  4:57  Zergling x6  
  30  5:04  Zergling x2  
  31  5:14  Zergling x2  
  29  5:25  Zergling x6  
  28  5:32  Queen  
  30  5:37  Drone x2  
  30  5:40  Drone  
  33  5:49  Drone x2  
  34  5:56  Baneling x2  
  34  5:59  Drone x2  
  36  6:11  Drone x4  
  38  6:18  Extractor  
  38  6:22  Drone  
  38  6:24  Roach Warren  
  37  6:27  Overlord  
  37  6:36  Overlord  
  37  6:41  Overlord  
  36  6:57  Baneling x2  
  36  7:03  Roach x3  
  36  7:04  Roach x5  
  36  7:07  Roach x2  
  55  7:16  Roach x2  
  55  7:18  Zergling x8  
  54  7:34  Roach  
  52  7:38  Roach x3  
  52  7:39  Roach  
  57  7:45  Drone  
  57  7:49  Drone  
  55  7:57  Roach  
Show
View Real Time Build Order
Export as new Build Order

GreatBanter Zerg - Winner!

Build Orders: Pool First 

Get SALT Encoding   

  12  0:00  Drone  
  13  0:17  Extractor  
  12  0:25  Spawning Pool  
  11  0:28  Drone  
  11  0:33  Drone  
  13  0:38  Drone  
  14  0:49  Overlord  
  14  1:12  Spore Crawler  
  14  1:13  Zergling x6  
  16  1:23  Metabolic Boost  
  16  1:26  Zergling x2  
  17  1:34  Queen  
  20  1:41  Zergling x2  
  20  1:46  Zergling x2  
  21  2:10  Drone  
  21  2:12  Hatchery  
  21  2:20  Drone  
  21  2:21  Overlord  
  22  2:46  Drone x2  
  22  2:51  Drone  
  24  2:53  Drone x3  
  27  3:10  Drone  
  28  3:14  Overlord  
  28  3:21  Queen  
  28  3:22  Spine Crawler  
  28  3:25  Drone x4  
  33  3:33  Queen  
  35  3:43  Baneling Nest  
  35  3:44  Zergling x2  
  35  3:46  Zergling x2  
  32  3:51  Zergling x2  
  32  3:52  Zergling x2  
  34  3:55  Zergling x2  
  32  4:21  Queen  
  32  4:22  Zergling x2, Queen  
  32  4:23  Zergling x6  
  34  4:33  Zergling x2  
  34  4:34  Zergling x6  
  34  4:37  Zergling x2  
  33  4:49  Zergling x6  
  33  4:51  Baneling  
  33  4:52  Baneling  
  35  4:54  Baneling  
  35  4:56  Baneling  
  35  5:02  Drone x2  
  37  5:07  Drone  
  37  5:15  Drone x3  
  37  5:19  Drone  
  40  5:24  Drone x2  
  40  5:27  Drone  
  39  5:30  Zergling x2  
  39  5:35  Zergling x4  
  40  5:38  Zergling x2  
  40  5:41  Zergling x2  
  42  5:44  Overlord  
  42  5:52  Drone x2  
  42  5:55  Roach Warren  
  43  6:01  Overlord  
  40  6:16  Overlord  
  40  6:35  Roach x4  
  40  6:36  Roach x3  
  54  6:47  Roach x4  
  60  6:49  Baneling x4  
  60  6:53  Hatchery  
  61  6:54  Overlord  
  61  6:59  Overlord  
  65  7:01  Roach x2  
  65  7:07  Roach  
  61  7:30  Zergling x18  
  61  7:32  Queen  
  66  7:47  Zergling x2  
  66  7:48  Zergling x4  
  63  7:53  Zergling x2  
  62  8:05  Evolution Chamber, Drone x5  
Tags
 
Add a new tag
Caveats
  • Supply blocks, unpowered buildings, or Contaminate may cause inaccurate times.
  • Supply counts are checked every 10 seconds.